 Dungeon Crawl Stone Soup version 0.20.0-15-g7f486f2 (webtiles) character file.

1136 Naow the Poker (level 8, -1/44 HPs)
             Began as a Vine Stalker Fighter on June 9, 2017.
             Was a Follower of Okawaru.
             Slain by an orc warrior
             ... wielding a +1 antimagic trident
              (15 damage)
             ... on level 6 of the Dungeon.
             The game lasted 00:07:58 (4760 turns).

Naow the Poker (Vine Stalker Fighter)               Turns: 4760, Time: 00:07:58

Health: -1/44      AC:  8    Str: 16    XL:     8   Next: 36%
Magic:  0/9        EV:  8    Int:  8    God:    Okawaru [*.....]
Gold:   191        SH:  8    Dex: 14    Spells: 7/7 levels left

rFire    . . .     SeeInvis .   y - +1 spear (venom)
rCold    . . .     Gourm    .   c - +0 shield
rNeg     . . .     Faith    .   C - +0 leather armour of Beauty {MR+ rCorr Str-5 Slay+2} (curse)
rPois    .         Spirit   +   x - +0 helmet
rElec    .         Reflect  .   z - +2 cloak
rCorr    +         Harm     .   H - +0 pair of gloves
MR       ++...                  (no boots)
Stlth    +++.......             (no amulet)
Regen    0.6/turn               o - ring of stealth
MPRegen  0.2/turn               w - ring of stealth

@: no status effects
A: fangs 3, regeneration 1, magic shield, antimagic bite, no potion heal 3, rot
immunity
a: Heroism, Renounce Religion


You were on level 6 of the Dungeon.
You worshipped Okawaru.
Okawaru was aware of your devotion.
You were hungry.

You visited 2 branches of the dungeon, and saw 7 of its levels.

You collected 341 gold pieces.
You spent 150 gold pieces at shops.

Inventory:

Hand Weapons
 a - a +0 trident
 y - a +1 spear of venom (weapon)
Armour
 b - a +0 scale mail
 c - a +0 shield (worn)
 x - a +0 helmet (worn)
 z - a +2 cloak (worn)
 C - the cursed +0 leather armour of Beauty (worn) {MR+ rCorr Str-5 Slay+2}
   (You found it on level 5 of the Dungeon)

   It affects your strength (-5).
   It affects your accuracy and damage with ranged weapons and melee attacks
   (+2).
   It affects your resistance to hostile enchantments.
   It protects you from acid and corrosion.
   It has a curse placed upon it.
 H - a +0 pair of gloves (worn)
Jewellery
 o - a ring of stealth (left hand)
 w - a ring of stealth (right hand)
Wands
 D - a wand of random effects (38/48)
Scrolls
 e - 3 scrolls of teleportation {unknown}
 l - 6 scrolls of identify {unknown}
 m - a scroll of amnesia {unknown}
 p - a scroll of fog {unknown}
 q - a scroll of fear {unknown}
 A - a scroll of magic mapping {unknown}
 B - a scroll of remove curse {unknown}
 F - a scroll of immolation {unknown}
 G - a scroll of acquirement {unknown}
 I - a scroll of torment {unknown}
Potions
 d - a potion of might
 g - a potion of heal wounds {unknown}
 h - 3 potions of curing {unknown}
 i - a potion of mutation {unknown}
 k - 4 potions of haste {unknown}
 r - a potion of resistance {unknown}
 s - a potion of invisibility {unknown}
 u - 2 potions of cancellation {unknown}
 v - 2 potions of flight {unknown}
 J - a potion of agility {unknown}
Books
 j - a book of Changes

   Spells                             Type                      Level
   a - Beastly Appendage              Transmutation                1
   b - Sticks to Snakes               Transmutation                2
   c - Spider Form                    Transmutation/Poison         3
   d - Ice Form                       Ice/Transmutation            4
   e - Blade Hands                    Transmutation                5
Comestibles
 f - 4 bread rations
 n - 12 fruits
 t - 3 royal jellies
 E - 2 chunks of flesh


   Skills:
 + Level 5.6 Fighting
 * Level 7.5 Polearms
 - Level 2.4 Armour
 - Level 2.6 Shields


You had 7 spell levels left.
You didn't know any spells.

Dungeon Overview and Level Annotations

Branches:
Dungeon (6/15)             Temple (1/1) D:5

Altars:
Ashenzari
Cheibriados
Dithmenos
Elyvilon
Gozag
Hepliaklqana
Kikubaaqudgha
Makhleb
Nemelex Xobeh
Okawaru
Qazlal
Sif Muna
Trog
Uskayaw
Vehumet
Xom
Zin
The Shining One

Shops:
D:4 [


Innate Abilities, Weirdness & Mutations

You have razor-sharp teeth.
Your natural rate of healing is unusually fast.
When hurt, damage is shared between your health and your magic reserves.
Your bite disrupts and absorbs the magic of your enemies.
Potions cannot restore your health.
You are immune to rotting.


Message History

The orc warrior hits you with an antimagic trident.
You completely miss the orc warrior. You bite the orc warrior.
You drain its power.
The orc warrior is heavily wounded.
The orc warrior hits you with an antimagic trident!
* * * LOW HITPOINT WARNING * * *
You feel your power leaking away.
You hit the orc warrior.
The orc warrior is severely wounded.
The orc warrior hits you with an antimagic trident.
* * * LOW HITPOINT WARNING * * *
You feel your power leaking away.
You closely miss the orc warrior. You bite the orc warrior.
You drain its power.
You feel invigorated.
The orc warrior is almost dead.
You hit the orc warrior but do no damage.
Your bite misses the orc warrior.
The orc warrior is almost dead.
The orc warrior hits you with an antimagic trident!!
You die...

#.# #.##########
#..........#
#..#######.## #..#
####...# #..# #......#
#.##..###.##...#
#.............##
###.....######@#
..##...## #o# #.###.##
#o# #.# #. #.# #.# #.
#)# #.# #'## #.##
###>##...## ####..###
....#.....###.......#
.###...)...##...†.....#


You could see an orc warrior and an orc wizard.

Vanquished Creatures
  An ice beast (D:5)
  A sky beast (D:5)
  2 black bears (D:6)
  A centaur (D:6)
  Blork the orc (D:5)
  A bullfrog (D:4)
  2 scorpions (D:5)
  2 bullfrog zombies
  A crimson imp (D:5)
  An orc priest (D:6)
  A hound (D:4)
  An orc wizard (D:6)
  An iguana (D:6)
  3 worker ants
  7 adders
  2 adder skeletons (D:5)
  A worm (D:3)
  2 dart slugs
  4 leopard geckos
  4 orcs
  7 bats
  4 giant cockroaches
  12 goblins
  4 hobgoblins
  15 jackals
  3 quokkas
  2 ball pythons
  5 frilled lizards
  A jackal skeleton (D:6)
  A jackal zombie (D:6)
  6 kobolds
  A leopard gecko skeleton (D:4)
  5 rats
105 creatures vanquished.

Notes
Turn   | Place    | Note
-------+----------+-------------------------------------------
     0 | D:1      | Naow the Vine Stalker Fighter began the quest for the Orb.
     0 | D:1      | Reached XP level 1. HP: 11/11 MP: 2/2
    66 | D:1      | Reached skill level 2 in Polearms
   188 | D:1      | Reached XP level 2. HP: 16/16 MP: 3/3
   399 | D:1      | You fall through a shaft!
   444 | D:2      | Reached XP level 3. HP: 12/19 MP: 4/4
   637 | D:1      | Reached skill level 3 in Polearms
  1213 | D:2      | Found a glowing golden altar of the Shining One.
  1483 | D:3      | Gained mutation: Your natural rate of healing is unusually fast. [Vine Stalker growth]
  1483 | D:3      | Reached XP level 4. HP: 16/24 MP: 5/5
  1799 | D:3      | Found a burning altar of Makhleb.
  1799 | D:3      | Noticed a cacodemon
  2203 | D:3      | Reached XP level 5. HP: 27/28 MP: 6/6
  2215 | D:3      | Reached skill level 4 in Polearms
  2427 | D:3      | Noticed an orange demon
  2427 | D:3      | Noticed a ynoxinul
  2510 | D:4      | Found a snail-covered altar of Cheibriados.
  2706 | D:4      | Reached XP level 6. HP: 32/33 MP: 7/7
  2820 | D:4      | Found Bibischuh's Antique Armour Shoppe.
  2823 | D:4      | Bought a runed cloak for 150 gold pieces
  2836 | D:4      | Reached skill level 5 in Polearms
  2847 | D:4      | Found a shadowy altar of Dithmenos.
  2976 | D:5      | Entered Level 5 of the Dungeon
  3010 | D:5      | Found a staircase to the Ecumenical Temple.
  3027 | D:5      | Noticed Blork the orc
  3042 | D:5      | Killed Blork the orc
  3065 | D:5      | Reached XP level 7. HP: 37/38 MP: 8/8
  3523 | D:5      | Reached skill level 6 in Polearms
  3537 | D:5      | Got a slimy leather armour
  3548 | D:5      | Identified the cursed +0 leather armour of Beauty {MR+ rCorr Str-5 Slay+2} (You found it on level 5 of the Dungeon)
  3621 | D:5      | Found a white marble altar of Elyvilon.
  3715 | Temple   | Entered the Ecumenical Temple
  3908 | Temple   | Became a worshipper of Warmaster Okawaru
  4126 | D:6      | Reached skill level 5 in Fighting
  4372 | D:6      | Found a bloodstained altar of Trog.
  4382 | D:6      | Gained mutation: You have razor-sharp teeth. [Vine Stalker growth]
  4382 | D:6      | Reached XP level 8. HP: 37/43 MP: 9/9
  4386 | D:6      | Reached * piety under Okawaru
  4386 | D:6      | Reached skill level 7 in Polearms
  4760 | D:6      | Slain by an orc warrior

Skill      XL: |  1  2  3  4  5  6  7  8 |
---------------+-------------------------+-----
Polearms       | 2 3 4 5 6 7 |  7.5
Fighting       | 3 4 5 |  5.6
Armour         | |  2.4
Shields        | |  2.6

Action                   |  1- 3 |  4- 6 |  7- 9 || total
-------------------------+-------+-------+-------++-------
Melee: Trident           |   102 |   139 |       ||   241
       Bite              |    13 |    43 |    29 ||    85
       Spear             |       |    32 |    79 ||   111
 Stab: Sleeping          |       |     2 |     5 ||     7
  Eat: Chunk             |     1 |     6 |       ||     7
       Meat ration       |       |       |     1 ||     1
Armor: Scale mail        |    22 |    82 |     5 ||   109
       Leather armour    |       |       |    19 ||    19
Dodge: Dodged            |    17 |    56 |    10 ||    83
Block: Shield            |    49 |    77 |    18 ||   144
